Map: Acid Plant LE

Players

ShoWTimE - Winner!

  • Race: Protoss Protoss
  • Spawn Location: 11:00

DnS

  • Race: Protoss Protoss
  • Spawn Location: 5:00

Event: WCS Montreal 2018

VOD

Have the link to the VOD?

Description

Time

  • Played on: Sept. 8, 2018, 12:15 p.m.
  • Length: 10:31

All games in this series

Show
View Real Time Build Order
Export as new Build Order

ShoWTimE Protoss - Winner!

Build Orders: Phoenix Opening 

Get SALT Encoding   

  12  0:00  Probe  
  13  0:12  Probe  
  14  0:17  Pylon  
  14  0:24  Probe  
  15  0:32  Probe  
  15  0:36  Gateway  
  15  0:40  Probe  
  16  0:46  Assimilator  
  17  0:50  Probe  
  17  0:54  Assimilator  
  18  0:58  Probe  
  19  1:06  Probe  
  20  1:11  Gateway  
  20  1:17  Probe  
  20  1:24  Cybernetics Core  
  21  1:29  Probe  
  22  1:35  Pylon  
  22  1:41  Probe  
  23  1:53  Probe  
  24  2:00  Sentry, Stalker  
  24  2:01  Warp Gate  
  28  2:09  Pylon  
  28  2:28  Stargate  
  28  2:36  Stalker  
  30  2:46  Stalker  
  32  2:59  Nexus  
  32  3:05  Phoenix  
  32  3:06  Shield Battery, Phoenix  
  32  3:18  Probe  
  35  3:25  Pylon  
  35  3:26  Phoenix  
  35  3:36  Probe  
  38  3:48  Probe  
  39  3:59  Shield Battery  
  39  4:00  Probe  
  39  4:01  Phoenix  
  42  4:04  Shield Battery  
  42  4:09  Adept, Robotics Facility  
  44  4:16  Stalker  
  46  4:21  Pylon  
  46  4:37  Pylon  
  46  4:45  Stalker x2  
  48  4:49  Immortal  
  48  5:11  Adept  
  48  5:12  Adept  
  52  5:15  Probe  
  52  5:19  Immortal  
  57  5:31  Probe  
  57  5:33  Gateway  
  58  5:44  Pylon  
  58  6:00  Pylon, Observer  
  58  6:03  Adept  
  61  6:07  Gateway  
  61  6:13  Warp Prism  
  63  6:30  Adept x2  
  63  6:32  Pylon  
  67  6:34  Probe  
  66  6:56  Nexus  
  66  6:57  Probe  
  67  7:01  Sentry  
  67  7:02  Sentry  
  67  7:06  Twilight Council  
  71  7:09  Probe  
  72  7:20  Pylon  
  72  7:21  Probe  
  72  7:22  Sentry  
  75  7:33  Resonating Glaives, Probe  
  76  7:43  Immortal  
  80  7:45  Probe  
  81  7:57  Probe  
  82  8:06  Adept x2  
  82  8:08  Adept  
  88  8:17  Gateway  
  88  8:22  Gateway  
  88  8:30  Adept x2  
  88  8:33  Sentry  
  94  8:51  Gateway  
  94  8:53  Sentry, Adept  
  94  8:55  Gateway  
  98  8:57  Pylon, Adept  
  96  9:21  Adept x3  
  102  9:31  Pylon  
  102  9:44  Adept  
  102  9:45  Pylon, Adept x3  
  110  9:49  Pylon, Adept  
  110  9:50  Adept x2  
  116  9:55  Pylon  
  116  10:07  Adept  
  116  10:08  Adept x3  
Show
View Real Time Build Order
Export as new Build Order

DnS Protoss 

Build Orders:  

Get SALT Encoding   

  12  0:00  Probe  
  13  0:12  Probe  
  14  0:17  Pylon  
  14  0:24  Probe  
  15  0:32  Probe  
  15  0:36  Gateway  
  15  0:40  Probe  
  16  0:45  Assimilator  
  17  0:51  Probe  
  17  0:54  Assimilator  
  18  0:59  Probe  
  19  1:07  Gateway, Probe  
  20  1:17  Probe  
  20  1:23  Cybernetics Core  
  21  1:29  Probe  
  22  1:34  Pylon  
  22  1:41  Probe  
  22  1:42  Warp Gate  
  23  1:54  Probe  
  24  1:59  Stalker x2  
  28  2:11  Pylon  
  28  2:29  Stalker x2  
  32  2:40  Robotics Facility  
  32  2:51  Gateway  
  32  3:05  Stalker x2  
  36  3:13  Shield Battery  
  36  3:29  Pylon  
  36  3:33  Warp Prism  
  38  3:47  Stalker  
  40  3:49  Stalker  
  42  3:56  Stalker  
  44  4:03  Pylon  
  44  4:09  Observer  
  45  4:19  Sentry  
  45  4:22  Sentry, Stalker  
  51  4:29  Pylon  
  47  4:57  Stalker x2  
  47  4:58  Stalker  
  47  5:13  Nexus  
  47  5:18  Probe  
  47  5:26  Probe  
  48  5:40  Immortal  
  48  5:46  Sentry  
  48  5:47  Stalker  
  56  5:54  Stalker  
  55  6:05  Pylon  
  55  6:13  Immortal  
  55  6:23  Stalker  
  60  6:33  Stalker  
  62  6:40  Stalker  
  64  6:48  Immortal  
  68  7:02  Sentry  
  68  7:07  Adept  
  72  7:15  Adept  
  72  7:19  Probe x2  
  74  7:25  Pylon  
  74  7:27  Probe x2  
  73  7:35  Probe x2  
  72  7:46  Probe  
  70  7:58  Probe  
  70  8:02  Probe  
  70  8:04  Warp Prism  
  70  8:10  Probe  
  73  8:18  Probe  
  74  8:23  Sentry x2  
  74  8:26  Probe  
  79  8:29  Sentry  
  79  8:32  Probe  
  82  8:38  Probe  
  83  8:45  Probe  
  84  8:50  Probe  
  84  8:53  Pylon  
  85  8:57  Probe  
  85  9:01  Pylon  
  84  9:20  Stalker x3  
  84  9:21  Probe x2  
  88  9:35  Probe  
  88  9:36  Probe  
  90  9:43  Pylon  
  90  9:44  Robotics Bay  
  90  9:45  Assimilator  
  90  9:47  Assimilator  
  90  9:48  Probe x2  
  92  10:00  Probe x2  
  94  10:12  Probe x2  
  96  10:20  Adept x3  
Tags
 
Add a new tag
Caveats
  • Supply blocks, unpowered buildings, or Contaminate may cause inaccurate times.
  • Supply counts are checked every 10 seconds.